 Dungeon Crawl Stone Soup version 0.18.1-50-g88ac8fd (webtiles) character file.

10261 st0uf the Fighter (level 11, 0/102 HPs)
             Began as a Purple Draconian Berserker on Sept 30, 2016.
             Was a High Priest of Trog.
             Slain by a death yak simulacrum (30 damage)
             ... in an ice cave.
             The game lasted 01:01:23 (10012 turns).

st0uf the Fighter (Purple Draconian Berserker)     Turns: 10012, Time: 01:01:24

Health: 0/102      AC: 12    Str: 23    XL:     11   Next: 33%
Magic:  16/16      EV: 16    Int:  7    God:    Trog [*****.]
Gold:   1095       SH:  0    Dex: 11    Spells: 0 memorised, 10 levels left

rFire  . . .     SeeInvis .     N - +1 battleaxe
rCold  . . .     Gourm    .     (armour unavailable)
rNeg   + . .     Faith    .     (shield currently unavailable)
rPois  .         Spirit   .     x - +2 hat
rElec  .         Dismiss  .     F - +2 cloak
rCorr  .         Reflect  .     (no gloves)
SustAt +         Harm     .     (no boots)
MR     +....                    (no amulet)
Stlth  +.........               g - ring of sustain attributes
                                i - ring of positive energy

@: exhausted, slowed, very slow, somewhat resistant to hostile enchantments,
very unstealthy
A: breathe power, unfitting armour, cold-blooded, AC +7
a: Breathe Dispelling Energy, Berserk, Trog's Hand, Brothers in Arms, Burn
Spellbooks, Renounce Religion


You were in an ice cave.
You worshipped Trog.
Trog was extremely pleased with you.
You were near starving.

You visited 1 branch of the dungeon, and saw 11 of its levels.
You also visited: Sewer and Ice Cave.

You collected 1095 gold pieces.

Inventory:

Hand Weapons
 w - a +1 mace of draining
 N - a +1 battleaxe (weapon)
Armour
 x - a +2 hat (worn)
 F - a +2 cloak (worn)
Jewellery
 g - a ring of sustain attributes (right hand)
 i - a ring of positive energy (left hand)
Wands
 h - a wand of flame (29/48)
 q - a wand of acid (10/15)
 A - a wand of enslavement (16/24)
 H - a wand of iceblast (5/15)
 M - a wand of digging (14/24)
Scrolls
 f - a scroll of teleportation {unknown}
 l - 8 scrolls of remove curse {unknown}
 m - a scroll of random uselessness {unknown}
 n - 4 scrolls of enchant weapon {unknown}
 p - a scroll of immolation {unknown}
 r - 3 scrolls of magic mapping
 s - 3 scrolls of fear
 u - 2 scrolls of fog {unknown}
 v - 7 scrolls of identify {unknown}
 y - 3 scrolls of blinking {unknown}
 z - a scroll of amnesia {unknown}
 B - a scroll of enchant armour {unknown}
 C - a scroll of noise {unknown}
 G - a scroll of recharging {unknown}
 I - a scroll of vulnerability {unknown}
 O - a scroll of brand weapon {unknown}
Potions
 c - a potion of haste {unknown}
 d - 4 potions of degeneration
 e - 4 potions of brilliance {unknown}
 j - a potion of mutation {unknown}
 k - 5 potions of heal wounds {unknown}
 o - 2 potions of curing
 t - 3 potions of might {unknown}
 J - a potion of invisibility {unknown}
 L - 2 potions of cure mutation {unknown}
Miscellaneous
 P - a plain deck of defence
Comestibles
 a - 2 fruits
 b - 4 bread rations
 D - 3 meat rations
 E - 3 beef jerkies
 K - 6 chunks of flesh


   Skills:
 * Level 11.2 Fighting
 * Level 10.0 Axes
 * Level 9.2 Dodging
 + Level 7.4 Evocations


You had 10 spell levels left.
You didn't know any spells.

Dungeon Overview and Level Annotations

Branches:
Dungeon (11/15)            Temple (0/1) D:5            Lair (0/8) D:11
    Orc (0/2) D:10

Altars:
Ashenzari
Elyvilon
Nemelex Xobeh
Vehumet
Xom

Shops:
D:5 !


Innate Abilities, Weirdness & Mutations

You can breathe bolts of dispelling energy.
Your rich purple scales are hard (AC +7).
Your body does not fit into most forms of armour.
You are cold-blooded and may be slowed by cold attacks.


Message History

This wand has 31 charges left.
Evoke which item? (* to show all) (? for menu, Esc to quit)
Zapping:
h - a wand of flame (31/48)
Press: ? - help, Shift-Dir - straight line, f - death yak simulacrum
Aim: a death yak simulacrum The puff of flame hits the death yak simulacrum.
The death yak simulacrum melts!
This wand has 30 charges left.
You are near starving!
The death yak simulacrum gores you. The death yak simulacrum freezes you!
You feel as though you will be slow longer.
Evoke which item? (* to show all) (? for menu, Esc to quit)
Zapping:
h - a wand of flame (30/48)
Press: ? - help, Shift-Dir - straight line, f/p - death yak simulacrum
Aim: a death yak simulacrum The puff of flame hits the death yak simulacrum.
The death yak simulacrum melts!
This wand has 29 charges left.
The death yak simulacrum gores you.
* * * LOW HITPOINT WARNING * * *
The death yak simulacrum freezes you!!
You die...

##...
#...#
...##
#...#
##...##
##.....##
#...∩...#
#ZZ.....#
##@.∩..##
##...##
#####


You could see 2 death yak simulacra.

Vanquished Creatures
  The ghost of Trampli the Grappler, a novice NaTm (D:7)
  The ghost of Charly the Cleaver, a novice DDCK of Xom (D:9)
  Pikel (D:5)
  2 hill giants (D:10)
  The ghost of lmnt the Skirmisher, a novice HuBe of Trog (D:5)
  Psyche (D:10)
  A troll (D:10)
  Grinder (D:5)
  A yak (shapeshifter) (D:6)
  5 yaks (D:9)
  A basilisk (D:9)
  A vampire mosquito (D:6)
  2 hippogriffs
  Menkaure (D:7)
  Duvessa (D:4)
  11 ice beasts
  2 orc warriors
  A wasp (D:6)
  A sky beast (D:8)
  4 slaves (D:5)
  2 black bears
  5 ogres
  6 centaurs
  3 big kobolds
  Blork the orc (D:5)
  3 giant frogs
  Dowan (D:4)
  3 scorpions
  A water moccasin skeleton (D:9)
  11 wights
  2 howler monkeys
  2 crimson imps
  2 giant frog zombies (D:6)
  A wasp zombie (D:5)
  5 hounds
  A quasit (D:10)
  4 orc priests
  2 jellies
  2 iguanas
  12 orc wizards
  8 worker ants
  A wolf simulacrum (IceCv)
  A polar bear simulacrum (IceCv)
  A hound zombie (D:6)
  7 adders
  4 shadow imps
  3 oozes
  An adder zombie (D:6)
  3 worms
  2 dart slugs
  5 giant geckos
  43 orcs
  2 ball pythons
  7 giant cockroaches
  5 goblins
  2 hobgoblins
  15 jackals
  2 quokkas
  9 bats
  4 giant newts
  23 kobolds
  2 quokka zombies (D:9)
  12 rats
271 creatures vanquished.

Vanquished Creatures (collateral kills)
  A hill giant (D:10)
  A wasp (D:10)
  An orc wizard (D:10)
  2 orcs (D:10)
5 creatures vanquished.

Vanquished Creatures (others)
  A plant (D:10)
1 creature vanquished.

Grand Total: 277 creatures vanquished

Notes
Turn   | Place    | Note
--------------------------------------------------------------
     0 | D:1      | st0uf the Draconian Berserker began the quest for the Orb.
     0 | D:1      | Reached XP level 1. HP: 19/19 MP: 1/1
   197 | D:2      | Reached XP level 2. HP: 8/26 MP: 2/2
   602 | D:3      | HP: 1/26 [poisoned by a kobold]
   868 | D:3      | Reached ** piety under Trog
   868 | D:3      | Reached XP level 3. HP: 28/33 MP: 3/3
  1027 | D:4      | Found a sparkling altar of Nemelex Xobeh.
  1029 | D:4      | Found a white marble altar of Elyvilon.
  1070 | D:4      | Reached skill level 4 in Fighting
  1132 | D:4      | Reached XP level 4. HP: 31/40 MP: 4/4
  1160 | D:4      | Found a glowing drain.
  1164 | Sewer    | Entered a sewer
  1307 | Sewer    | Noticed a big kobold
  1322 | Sewer    | Killed a big kobold
  1322 | Sewer    | Reached skill level 1 in Evocations
  1322 | Sewer    | Reached XP level 5. HP: 47/47 MP: 5/5
  1644 | D:4      | Noticed Duvessa
  1644 | D:4      | Noticed Dowan
  1661 | D:4      | Found a shimmering altar of Xom.
  1738 | D:4      | Noticed an ogre
  1756 | D:4      | Killed an ogre
  1756 | D:4      | Reached skill level 5 in Fighting
  1756 | D:4      | Reached XP level 6. HP: 56/56 MP: 5/7
  1842 | D:4      | Reached *** piety under Trog
  2849 | D:2      | Reached skill level 5 in Axes
  2865 | D:2      | Your scales start taking on a rich purple colour.
  2865 | D:2      | Reached XP level 7. HP: 47/61 MP: 8/8
  3325 | D:4      | Killed Duvessa
  3325 | D:4      | Killed Dowan
  3543 | D:5      | Entered Level 5 of the Dungeon
  3570 | D:5      | Found Bade Vaw's Distillery.
  3598 | D:5      | Noticed lmnt's ghost (novice HuBe)
  3607 | D:5      | Reached skill level 6 in Fighting
  3613 | D:5      | Killed lmnt's ghost
  3613 | D:5      | Reached skill level 5 in Dodging
  3613 | D:5      | Reached XP level 8. HP: 30/71 MP: 8/10
  3614 | D:5      | Noticed Pikel
  3631 | D:4      | Found a shattered altar of Ashenzari.
  3887 | D:5      | Killed Pikel
  3887 | D:5      | Reached skill level 7 in Fighting
  3914 | D:5      | Found a shimmering altar of Xom.
  3999 | D:5      | Noticed Blork the orc
  4005 | D:5      | Killed Blork the orc
  4085 | D:5      | Noticed Grinder
  4147 | D:5      | Killed Grinder
  4147 | D:5      | Reached **** piety under Trog
  4147 | D:5      | Reached XP level 9. HP: 67/81 MP: 12/12
  4573 | D:5      | Reached skill level 8 in Fighting
  4635 | D:5      | Found a staircase to the Ecumenical Temple.
  4809 | D:6      | Reached skill level 5 in Evocations
  5510 | D:7      | Noticed Trampli's ghost (novice NaTm)
  5521 | D:7      | Killed Trampli's ghost
  5521 | D:7      | Reached skill level 9 in Fighting
  5556 | D:7      | Noticed Menkaure
  5563 | D:7      | Killed Menkaure
  6147 | D:6      | Reached XP level 10. HP: 78/91 MP: 14/14
  6881 | D:8      | Reached ***** piety under Trog
  7201 | D:9      | Noticed Charly's ghost (novice DDCK)
  7225 | D:9      | Killed Charly's ghost
  7225 | D:9      | Reached skill level 10 in Fighting
  8029 | D:9      | Found a radiant altar of Vehumet.
  8853 | D:10     | Entered Level 10 of the Dungeon
  8853 | D:10     | Noticed a hill giant
  8853 | D:10     | Noticed a hill giant
  8982 | D:10     | Noticed Psyche
  8990 | D:10     | Killed Psyche
  9002 | D:10     | Killed a hill giant
  9002 | D:10     | Reached XP level 11. HP: 99/101 MP: 16/16
  9007 | D:10     | Killed a hill giant
  9316 | D:10     | Received a gift from Trog
  9386 | D:10     | Found a staircase to the Orcish Mines.
  9830 | D:10     | Noticed a hill giant
  9843 | D:10     | Killed a hill giant
  9843 | D:10     | Reached skill level 11 in Fighting
  9972 | D:11     | Found a frozen archway.
 10005 | IceCv    | Entered an ice cave
 10010 | IceCv    | Reached skill level 10 in Axes
 10012 | IceCv    | Slain by a death yak simulacrum

Skill      XL: |  1  2  3  4  5  6  7  8  9 10 11 |
---------------+----------------------------------+-----
Dodging        | 3 4 5 6 7 8 9 |  9.2
Fighting       | 4 5 6 7 9 10 11 | 11.2
Axes           | 4 5 6 7 8 9 10 | 10.0
Evocations     | 1 2 3 4 5 6 7 |  7.4

Action                   |  1- 3 |  4- 6 |  7- 9 | 10-12 || total
-------------------------+-------+-------+-------+-------++-------
Melee: Hand axe          |    65 |    70 |       |       ||   135
       Tailslap          |     5 |    28 |    31 |    47 ||   111
       War axe           |       |    92 |   250 |   171 ||   513
       Battleaxe         |       |       |       |   171 ||   171
Invok: Berserk           |     3 |     3 |     7 |     9 ||    22
       Trog's Hand       |       |       |     2 |     2 ||     4
       Brothers in Arms  |       |       |       |     1 ||     1
 Abil: Breathe Dispellin |       |       |     9 |    10 ||    19
Evoke: Wand              |       |       |       |     5 ||     5
  Use: Potion            |       |       |     9 |       ||     9
       Scroll            |       |       |       |     3 ||     3
 Stab: Sleeping          |       |     1 |       |       ||     1
       Distracted        |       |       |       |     1 ||     1
  Eat: Chunk             |     3 |     9 |    15 |    22 ||    49
       Meat ration       |       |       |     1 |       ||     1
       Pizza             |       |       |       |     1 ||     1
Armor: Skin              |    15 |    53 |    81 |   139 ||   288
Dodge: Dodged            |    38 |   126 |   237 |   277 ||   678
